 Dungeon Crawl Stone Soup version 0.31-a0-844-gdc52ec4e09 (webtiles) character file.

Game seed: 4109040950795080430

8588 BinkBink the Mimic (level 11, -10/109 HPs)
             Began as a Troll Shapeshifter on Sept 28, 2023.
             Was an Elder of Qazlal.
             Mangled by a hornet (13 damage)
             ... while paralysed by a hornet
             ... on level 9 of the Dungeon.
             The game lasted 00:23:14 (8240 turns).

BinkBink the Mimic (Troll Shapeshifter)             Turns: 8240, Time: 00:23:16

Health: -10/109    AC:  5    Str: 34    XL:     11   Next: 11%
Magic:  10/10      EV:  1    Int:  6    God:    Qazlal [****..]
Gold:   622        SH:  0    Dex:  9    Spells: 10/10 levels left

rFire   . .          .
                       - Unarmed
rCold   . . .        B - +0 kite shield
rNeg    . . .        M - +0 troll leather armour
rPois   .            (helmet currently unavailable)
rElec   .            (cloak currently unavailable)
rCorr   .            (gloves unavailable)
SInv    .            (boots unavailable)
Will    .....        (no amulet)
Stlth   +            m - +6 ring of strength
HPRegen 1.98/turn    (no ring)
MPRegen 0.12/turn

%: repel missiles
@: paralysed, lethally poisoned (-10 -> -18), beast-form, slowed
A: beast (slay +4), large, unfitting armour, claws 3, regeneration 1, shaggy fur
1, tough skin 1
a: Begin Untransformation, Renounce Religion, Upheaval, Elemental Force


You were on level 9 of the Dungeon.
You worshipped Qazlal.
Qazlal was greatly pleased with you.
You were a hulking beast.
You visited 2 branches of the dungeon, and saw 10 of its levels.
You also visited: Sewer and Ossuary.

You collected 622 gold pieces.

Inventory:

Missiles
 i - a throwing net
Armour
 a - a +0 animal skin
 r - an orb of energy
 u - a +1 cloak
 B - a +0 kite shield (worn)
 H - a +0 robe of fire resistance
 M - a +0 troll leather armour (worn)
Jewellery
 m - a +6 ring of strength (left claw)
 L - a ring of magical power
Talismans
 c - a beast talisman (active)
 d - a flux talisman
 D - a blade talisman
Wands
 e - a wand of acid (9)
 l - a wand of paralysis (10)
 p - a wand of mindburst (10)
 J - a wand of digging (6)
 K - a wand of flame (20)
Scrolls
 g - 3 scrolls of teleportation
 j - 2 scrolls of fog
 s - 5 scrolls of fear
 t - a scroll of enchant armour {unknown}
 v - a scroll of torment {unknown}
 w - 2 scrolls of poison
 x - 4 scrolls of vulnerability
 y - 2 scrolls of brand weapon
 C - a scroll of enchant weapon {unknown}
Potions
 b - a potion of lignification
 f - 10 potions of curing
 h - a potion of cancellation
 k - 3 potions of degeneration
 n - a potion of enlightenment {unknown}
 o - a potion of berserk rage {unknown}
 q - 4 potions of attraction
 z - a potion of magic {unknown}
 A - a potion of mutation {unknown}
 E - a potion of invisibility {unknown}
 F - 2 potions of resistance {unknown}
 G - a potion of haste


   Skills:
 + Level 7.2 Fighting
 - Level 2.9 Dodging
 * Level 1.8 Shields
 + Level 9.2 Unarmed Combat
 + Level 11.2 Shapeshifting


You had 10 spell levels left.
You didn't know any spells.
Your spell library contained the following spells:

 Spells                   Type           Power      Damage    Failure   Level
 Scorch                   Fire           0%         2d5       83%         2
 Frozen Ramparts          Ice            0%         1d1       97%         3
 Ozocubu's Armour         Ice            0%         N/A       97%         3
 Flame Wave               Conj/Fire      0%         2d4       100%        4
 Petrify                  Tmut/Erth      0%         N/A       100%        4
 Summon Ice Beast         Ice/Summ       0%         N/A       100%        4
 Metabolic Englaciation   Hex/Ice        0%         N/A       100%        5
 Summon Forest            Summ/Tloc      0%         N/A       100%        5
 Summon Mana Viper        Hex/Summ       0%         N/A       100%        5
 Eringya's Noxious Bog    Tmut/Pois      0%         4d6       100%        6
 Summon Cactus Giant      Summ           0%         N/A       100%        6
 Monstrous Menagerie      Summ           0%         N/A       100%        7
 Ozocubu's Refrigeration  Ice            0%         4d7       100%        7
 Summon Hydra             Summ           0%         N/A       100%        7


Dungeon Overview and Level Annotations

Branches:
Dungeon (9/15)             Temple (0/1) D:4            Lair (1/5) D:8
  Sewer (visited)         Ossuary (visited)
    Orc: D:9-12

Altars:
Elyvilon
Fedhas
Hepliaklqana
Kikubaaqudgha
Makhleb
Nemelex Xobeh
Qazlal
Ru
Uskayaw
Yredelemnul
Zin

Shops:
D:3 *[:(*   D:5 **   D:8 (


Innate Abilities, Weirdness & Mutations

You are a hulking beast.
Your limbs bulge with bestial killing power. (Slay +4)
You are too large for most types of armour.
You have claws for hands.
Your natural rate of healing is unusually fast.
You are covered in fur. (AC +1)
You have tough skin. (AC +1)


Message History

You scratch the hornet.
The hornet is heavily wounded.
The hornet barely misses you. The yak gores you!
The howler monkey hoots and howls with incredible vigour!
You block the hornet's attack.
You hear a loud, deep croak!
You hear a roar!
You hear an angry buzzing noise.
You hear a howl!
You hear two shouts! x2
You miss the hornet.
The hornet is heavily wounded.
You feel yourself speed up. The hornet stings you!
You are poisoned.
You feel yourself slow down. The yak gores you. You block the hornet's attack.
The yak gores you!
* * * LOW HITPOINT WARNING * * *
You feel better. The hornet stings you.
* * * LOW HITPOINT WARNING * * *
You feel as though you will be slow longer.
The hornet stings you!
* * * LOW HITPOINT WARNING * * *
You are poisoned.
You feel as though you will be slow longer.
The yak barely misses you.
You feel better. The hornet stings you.
* * * LOW HITPOINT WARNING * * *
You are poisoned.
You feel as though you will be slow longer.
You block the yak's attack.
The yak is engulfed in blazing flames.
The hornet stings you!
* * * LOW HITPOINT WARNING * * *
You suddenly lose the ability to move!
The yak gores you.
* * * LOW HITPOINT WARNING * * *
You feel very sick. The hornet stings you!
* * * LOW HITPOINT WARNING * * *
You are lethally poisoned!
You feel as though you will be slow longer.
The howler monkey hoots and howls with incredible vigour!
The hornet stings you!
You die...

###......#
....##.....# ....
#.....##
#...##.....# #..
#.....##
####hY#......###
....Y°##.......###
...ooYy#○.......'.#
#Yh☼†......#...
####.......# ..
###......# ##.....#
.# #.....# ..##
#..... .... .....
.. . .


You could see 4 yaks, a hornet, 2 orc warriors and a howler monkey (catching
breath).

Vanquished Creatures
  Pikel (D:7)
  A deep elf pyromancer (D:9)
  The ghost of caelrath the Magician, a novice DrWn of Ru (D:7)
  A cane toad (Lair:1)
  Jeremiah (D:7)
  A komodo dragon (D:8)
  A hornet (D:8)
  A troll (D:9)
  A wyvern (D:9)
  A shadow (D:9)
  11 yaks
  Menkaure (D:7)
  3 water moccasins
  4 ice beasts
  Pargi (Sewer)
  A black bear (D:5)
  3 centaurs
  2 phantoms
  4 kobold brigands
  4 bullfrogs
  2 gnoll sergeants
  4 scorpions
  6 wights (D:8)
  14 killer bees
  An electric eel (D:7)
  2 howler monkeys
  A spectral centaur (D:7)
  3 jellies
  Crazy Yiuf (D:7)
  2 hounds
  3 orc priests
  A sleepcap (D:7)
  Ijyb (D:5)
  3 iguanas (D:6)
  6 orc wizards
  A spectral killer bee (D:7)
  8 mummies (Ossuary)
  A spectral howler monkey (D:7)
  9 gnolls
  5 adders
  2 river rats (D:6)
  2 white imps (D:5)
  An ufetubus (D:5)
  A worm (D:2)
  3 dart slugs
  20 orcs
  8 ball pythons
  7 bats
  9 endoplasms
  2 giant cockroaches
  3 gnoll zombies (Ossuary)
  5 hobgoblins
  13 jackals
  6 quokkas
  2 frilled lizards (D:1)
  6 goblins
  A goblin zombie (D:7)
  21 kobolds
  4 kobold zombies (Ossuary)
  An orc zombie (Ossuary)
  13 rats
  A rat zombie (D:7)
  A spectral kobold (D:1)
250 creatures vanquished.

Notes
Turn   | Place    | Note
-------+----------+-------------------------------------------
     0 | D:1      | BinkBink the Troll Shapeshifter began the quest for the
                  | Orb.
     0 | D:1      | Reached XP level 1. HP: 18/18 MP: 0/0
    75 | D:1      | Reached skill level 1 in Fighting
   101 | D:1      | Reached XP level 2. HP: 27/27 MP: 1/1
   173 | D:1      | Found a faded altar of an unknown god.
   461 | D:1      | Reached XP level 3. HP: 33/33 MP: 2/2
   845 | D:2      | Reached XP level 4. HP: 41/41 MP: 3/3
  1086 | D:2      | Reached skill level 4 in Shapeshifting
  1419 | D:3      | Found Weno's Book Shoppe.
  1471 | D:3      | Found Igiyn's Antique Armour Shoppe.
  1514 | D:3      | Found a sacrificial altar of Ru.
  1548 | D:3      | Reached XP level 5. HP: 22/49 MP: 4/4
  1610 | D:3      | Found Nuwoa's Antique Weapon Emporium.
  1648 | D:3      | Found Oraimp's Assorted Antiques.
  1805 | D:3      | Found Vaodeuff's Assorted Antiques.
  2372 | D:4      | Found a staircase to the Ecumenical Temple.
  2434 | D:4      | Found a basalt altar of Yredelemnul.
  2628 | D:4      | Reached XP level 6. HP: 56/59 MP: 5/5
  2966 | D:4      | Reached skill level 5 in Shapeshifting
  3121 | D:5      | Entered Level 5 of the Dungeon
  3210 | D:5      | Reached XP level 7. HP: 33/67 MP: 6/6
  3253 | D:5      | Found a stormy altar of Qazlal.
  3253 | D:5      | Found a blossoming altar of Fedhas.
  3254 | D:5      | Found a sparkling altar of Nemelex Xobeh.
  3275 | D:5      | Became a worshipper of Qazlal Stormbringer
  3484 | D:5      | Reached skill level 6 in Shapeshifting
  3594 | D:5      | Reached skill level 5 in Unarmed Combat
  3718 | D:5      | Found Plog's Specific Store.
  3719 | D:5      | Found Ywufejicitt's General Store.
  3757 | D:5      | Noticed Ijyb
  3801 | D:5      | Killed Ijyb
  3980 | D:5      | Found a hazy altar of Hepliaklqana.
  3983 | D:5      | Found a burning altar of Makhleb.
  3985 | D:5      | Found a hide-covered altar of Uskayaw.
  4160 | D:6      | Reached XP level 8. HP: 62/78 MP: 7/7
  4201 | D:6      | Reached skill level 7 in Shapeshifting
  4273 | D:6      | Found a glowing drain.
  4276 | D:6      | Reached * piety under Qazlal
  4293 | Sewer    | Entered a sewer
  4328 | Sewer    | Noticed Pargi
  4336 | Sewer    | Killed Pargi
  4579 | D:6      | Found a glowing silver altar of Zin.
  4843 | D:7      | Reached skill level 8 in Shapeshifting
  4849 | D:7      | Found a sand-covered staircase.
  4870 | Ossuary  | Entered an ossuary
  4910 | Ossuary  | Reached XP level 9. HP: 58/87 MP: 8/8
  4943 | Ossuary  | Reached ** piety under Qazlal
  5203 | D:7      | Noticed Jeremiah
  5242 | D:7      | Killed Jeremiah
  5243 | D:7      | Reached skill level 5 in Fighting
  5321 | D:7      | Found a white marble altar of Elyvilon.
  5532 | D:7      | Reached skill level 9 in Shapeshifting
  5542 | D:7      | Found a runed translucent gate.
  5542 | D:7      | Found a runed translucent gate.
  5542 | D:7      | Found a runed translucent gate.
  5542 | D:7      | Noticed caelrath's ghost (novice DrWn)
  5588 | D:7      | Found an ancient bone altar of Kikubaaqudgha.
  5619 | D:7      | Noticed Pikel
  5623 | D:7      | Killed Pikel
  6033 | D:7      | Noticed Menkaure
  6036 | D:7      | Killed Menkaure
  6285 | D:7      | Found a runed translucent door.
  6286 | D:7      | Noticed Crazy Yiuf
  6459 | D:8      | Reached *** piety under Qazlal
  6466 | D:8      | Paralysed by a hornet for 3 turns
  6470 | D:8      | Reached skill level 10 in Shapeshifting
  6470 | D:8      | Reached XP level 10. HP: 23/98 MP: 9/9
  6793 | D:8      | Found Ditiell's Weapon Shop.
  7101 | D:8      | Found a staircase to the Lair.
  7191 | D:9      | Noticed a deep elf pyromancer
  7197 | D:9      | Killed a deep elf pyromancer
  7404 | Lair:1   | Entered Level 1 of the Lair of Beasts
  7409 | Lair:1   | Noticed a cane toad
  7418 | Lair:1   | Killed a cane toad
  7587 | D:8      | Reached skill level 11 in Shapeshifting
  8026 | D:7      | Killed caelrath's ghost
  8109 | D:7      | Killed Crazy Yiuf
  8218 | D:9      | Reached XP level 11. HP: 109/109 MP: 10/10
  8222 | D:9      | Reached skill level 1 in Shields
  8222 | D:9      | Reached **** piety under Qazlal
  8239 | D:9      | Paralysed by a hornet for 3 turns
  8240 | D:9      | HP: 3/109 [hornet (11)]
  8240 | D:9      | Mangled by a hornet

Illustrated notes

Levels and vault maps discovered:
D:1:      minmay_arrival_semitransparent, layout_loops_cross,
          dreamdust_ecumenical_altar_drowned_temple
D:2:      minmay_razor_zed, layout_basic, nrook_campfire
D:3:      layout_basic, nicolae_ru_awakened_eye, serial_shops,
          nicolae_shop_real_fake_doors, shop, shop, nicolae_shop_peninsula, shop
D:4:      kb_forest_paths, layout_basic, lemuel_coloured_pillars_altar,
          minmay_temple_entry_grid, kennysheep_doodads
D:5:      layout_basic, gammafunk_temple_overflow_claw,
          gammafunk_temple_overflow_forgotten, nicolae_specific_store, uniq_ijyb
D:6:      layout_cave_pools, zin_statuary, portal_sewer_entry_b,
          due_unseen_surprise
D:7:      layout_loops_corners, lemuel_tele_altar,
          mainiacjoe_overflow_concentric_impassable, enter_ossuary_4,
          gammafunk_ghost_necromancy, serial_bayou_lagoon_a,
          uniq_crazy_yiuf_cottage, uniq_jeremiah, uniq_menkaure, uniq_pikel
D:8:      layout_gridville, lair_entry_dummy, serial_shops, shop,
          kennysheep_decorative_pillar
D:9:      minmay_quarter_circles, layout_basic, lemuel_blue_sif_altar,
          erik_orc_1
Lair:1:   wad_woods_minihive, layout_small_grid, uniq_amaemon, uniq_gastronok

Skill      XL: |  1  2  3  4  5  6  7  8  9 10 11 |
---------------+----------------------------------+-----
Fighting       | 1 2 3 4 6 7 |  7.2
Shapeshifting  | 4 5 6 8 10 11 | 11.2
Unarmed Combat | 4 5 6 7 9 |  9.2
Dodging        | 2 |  2.9
Shields        | 1 |  1.8

Action                     |  1- 3 |  4- 6 |  7- 9 | 10-12 || total
---------------------------+-------+-------+-------+-------++-------
  Melee: Unarmed           |    86 |   120 |   310 |   150 ||   666
         Punch             |     2 |     1 |     5 |     8 ||    16
    Use: Scroll            |       |       |     7 |     7 ||    14
         Potion            |       |       |     6 |     3 ||     9
   Stab: Distracted        |       |     1 |       |       ||     1
         Sleeping          |       |     1 |       |       ||     1
 Armour: Animal skin       |    40 |    79 |   272 |    79 ||   470
         Troll leather arm |       |       |       |    43 ||    43
  Dodge: Dodged            |    50 |    48 |   130 |    51 ||   279
  Block: Other             |       |       |    18 |    12 ||    30
         Kite shield       |       |       |       |    21 ||    21

Table legend: (Time is in decaauts)
 A = Elapsed time spent in this place.
 B = Non-inter-level travel time spent in this place.
 C = Inter-level travel time spent in this place.
 D = Time resting spent in this place.
 E = Time spent auto-exploring this place.
 F = Levels seen in this place.
 G = Mean time per level.
                   A        B        C        D        E       F      G
               +--------+--------+--------+--------+--------+-----+--------+
         Total |   8157 |   7663 |    494 |      0 |   5961 |  12 |  679.8 |
       Dungeon |   7762 |   7268 |    494 |      0 |   5731 |   9 |  862.4 |
          Lair |     40 |     40 |      0 |      0 |      0 |   1 |   40.0 |
         Sewer |    114 |    114 |      0 |      0 |     77 |   1 |  114.0 |
       Ossuary |    239 |    239 |      0 |      0 |    153 |   1 |  239.0 |
               +--------+--------+--------+--------+--------+-----+--------+

Top non-repeatable levels by time:
     D:7: 1649 daAuts
     D:4: 1058 daAuts
     D:8: 1035 daAuts
     D:5: 858 daAuts
     D:2: 814 daAuts
     D:3: 743 daAuts
     D:1: 704 daAuts
     D:6: 688 daAuts
 Ossuary: 239 daAuts
     D:9: 210 daAuts
   Sewer: 114 daAuts
  Lair:1: 40 daAuts
